 Dungeon Crawl Stone Soup version 0.31.0-9-g3a7656b989 (webtiles) character file.

Game seed: 2232826882454318227

1269 qw the Skirmisher (level 8, -7/40 HPs)
             Began as a Spriggan Hunter on Feb 2, 2024.
             Mangled by an orc warrior
             ... wielding a +0 battleaxe
              (14 damage)
             ... on level 6 of the Dungeon.
             The game lasted 00:00:15 (3898 turns).

qw the Skirmisher (Spriggan Hunter)                 Turns: 3898, Time: 00:00:15

Health: -7/40      AC:  4    Str:  7    XL:     8   Next: 28%
Magic:  9/9        EV: 23    Int: 11    God:
Gold:   242        SH:  0    Dex: 20    Spells: 7/7 levels left

rFire   . . .        q - +0 orcbow
rCold   + . .        (shield currently unavailable)
rNeg    + . .        b - +2 robe {rN+}
rPois   .            (helmet restricted)
rElec   .            (no cloak)
rCorr   .            (gloves unavailable)
SInv    +            (boots unavailable)
Will    +....        l - amulet of regeneration
Stlth   ++           i - ring of protection from cold
HPRegen 1.06/turn    (no ring)
MPRegen 0.11/turn

%: no passive effects
@: about to teleport, very quick
A: very small, no large weapons, unfitting armour, see invisible, speed 3
a: no special abilities


You were on level 6 of the Dungeon.
You visited 1 branch of the dungeon, and saw 6 of its levels.

You collected 242 gold pieces.


Innate Abilities, Weirdness & Mutations

You are very small and have problems with some larger weapons.
You are too small for most types of armour.
You have supernaturally acute eyesight. (SInv)
You cover ground extremely quickly. (Speed+++)


   Skills:
 - Level 3.0 Fighting
 + Level 8.4 Ranged Weapons
 - Level 8.3 Dodging
 - Level 1.5 Stealth


You had 7 spell levels left.
You didn't know any spells.
Your spell library was empty.

Inventory:

Hand Weapons
 q - a +0 orcbow (weapon)
Armour
 b - a +2 robe of positive energy (worn)
Jewellery
 i - a ring of protection from cold (left hand)
 l - an amulet of regeneration (around neck)
 n - the ring of Zewkatuy {*Slow Str+3 Int+6 Stlth+}
   (You found it on level 6 of the Dungeon)

   [ring of intelligence]

   Str+3:     It affects your strength (+3).
   Int+6:     It affects your intelligence (+6).
   *Slow:     It may slow you when you take damage.
   Stlth+:    It makes you more stealthy.
Wands
 c - a wand of paralysis (10)
Scrolls
 f - a scroll of enchant armour
 m - a scroll of identify
Potions
 d - 2 potions of curing
 e - a potion of degeneration {unknown}
 g - a potion of cancellation {unknown}
 h - a potion of attraction {unknown}
 j - a potion of berserk rage {unknown}
 k - a potion of lignification {unknown}
 o - a potion of brilliance {unknown}

Dungeon Overview and Level Annotations

Branches:
Dungeon (6/15)
 Temple: D:4-7

Altars:
Trog
Uskayaw
Xom

Shops:
D:2 !


Message History

You kill the orc!
You shoot an arrow.
The arrow hits the orc but does no damage.
You shoot an arrow. The arrow hits the orc!
You kill the orc!
You shoot an arrow.
The arrow closely misses the orc warrior.
The orc warrior barely misses you.
You shoot an arrow.
The arrow closely misses the orc warrior.
The orc warrior misses you.
You shoot an arrow.
The arrow barely misses the orc warrior.
The orc warrior misses you.
The orc wizard mumbles some strange words.
The orc wizard flickers and vanishes for a moment.
You shoot an arrow.
The arrow barely misses the orc warrior.
The orc wizard points at you and mumbles some strange words.
The magic dart hits you.
The orc warrior hits you with a +0 battleaxe!
You shoot an arrow. The arrow hits the orc warrior.
The orc warrior is lightly wounded.
The orc warrior completely misses you.
You shoot an arrow. The arrow hits the orc warrior.
The orc warrior is moderately wounded.
The orc warrior completely misses you. The orc wizard completely misses you.
You shoot an arrow.
The arrow barely misses the orc warrior.
The orc wizard hits you with a +0 dagger.
The orc warrior hits you with a +0 battleaxe!!
Ouch! That really hurt!
3897 ||| READING scroll of teleportation.
As you read the scroll of teleportation, it crumbles to dust.
You feel strangely unstable. The orc wizard misses you.
The orc warrior completely misses you.
You shoot an arrow.
The arrow closely misses the orc warrior.
The orc warrior hits you with a +0 battleaxe!
You die...

##....### #.................
....#...### #...........#.....
.###......######......######.....
.##..........##...##### ##..##
.#.......###....### ####
........## ###..## .......##
##).# .....### ##.## .....## #@o#
......## ##o# .......# ... ..
....#### #.).. #.. ##### ......
#.. ..)... #.. ...... #. ..... #.
####### #.


You could see an orc warrior and an orc wizard (invisible).

Vanquished Creatures
  Sigmund (D:2)
  An ice beast (D:5)
  2 black bears
  2 ogres
  A centaur (D:6)
  A phantom (D:5)
  Blork the orc (D:5)
  A scorpion (D:5)
  2 hounds
  An iguana (D:5)
  2 sleepcaps (D:6)
  6 adders
  7 gnolls
  A shadow imp (D:6)
  A white imp (D:5)
  2 ufetubi (D:6)
  3 dart slugs
  A ribbon worm (D:4)
  9 orcs
  7 ball pythons
  6 bats
  6 endoplasms
  2 giant cockroaches (D:1)
  6 goblins
  4 hobgoblins
  3 jackals (D:4)
  2 quokkas
  2 frilled lizards
  3 kobolds (D:3)
  5 rats (D:1)
91 creatures vanquished.

Notes
Turn   | Place    | Note
-------+----------+-------------------------------------------
     0 | D:1      | qw the Spriggan Hunter began the quest for the Orb.
     0 | D:1      | Reached XP level 1. HP: 10/10 MP: 2/2
     0 | D:1      | 0 ||| qw: Version: 0.3-a-155-g5e7d8dd
     0 | D:1      | 0 ||| qw: Game counter: 1092
     0 | D:1      | 0 ||| qw: Melee chars always use a shield: true
     0 | D:1      | 0 ||| qw: God list: Okawaru
     0 | D:1      | 0 ||| qw: Allow faded altars: false
     0 | D:1      | 0 ||| qw: Do Orc after clearing Dungeon:15 true
     0 | D:1      | 0 ||| qw: Do second Lair branch before Depths: true
     0 | D:1      | 0 ||| qw: Lair rune preference: random
     0 | D:1      | 0 ||| qw: Goals: Normal
     0 | D:1      | 0 ||| PLANNING D:1-11
    34 | D:1      | Reached skill level 3 in Dodging
   245 | D:1      | Reached XP level 2. HP: 14/14 MP: 3/3
   354 | D:1      | 354 ||| DROPPING scroll of butterflies.
   930 | D:1      | 930 ||| READING scroll labelled YTETUDYODA.
   930 | D:1      | 930 ||| ENCHANTING +0 shortbow.
   931 | D:1      | 931 ||| READING scroll labelled LADEUMUVVA.
   931 | D:1      | 931 ||| BRANDING +0 shortbow.
   946 | D:2      | Found Xous's Distillery.
   951 | D:2      | Noticed Sigmund
   957 | D:2      | Killed Sigmund
   958 | D:2      | Reached skill level 6 in Ranged Weapons
   958 | D:2      | Reached XP level 3. HP: 9/18 MP: 4/4
   958 | D:2      | Reached XP level 4. HP: 11/22 MP: 5/5
   958 | D:2      | Reached XP level 5. HP: 12/25 MP: 6/6
  1016 | D:2      | 1016 ||| SHOPLISTING potion of cancellation (96 gold, have
                  | 18).
  1016 | D:2      | 1016 ||| SHOPLISTING potion of curing (36 gold, have 18).
  1016 | D:2      | 1016 ||| SHOPLISTING potion of heal wounds (60 gold, have
                  | 18).
  1016 | D:2      | 1016 ||| SHOPLISTING potion of might (48 gold, have 18).
  1575 | D:2      | 1575 ||| UPGRADING to +2 robe of positive energy.
  1585 | D:2      | 1585 ||| DROPPING +0 robe.
  1586 | D:2      | 1586 ||| READING scroll labelled NEEDEUWUURCH.
  2092 | D:3      | Found a hide-covered altar of Uskayaw.
  2231 | D:3      | 2231 ||| UPGRADING to ring of protection from cold.
  2232 | D:3      | 2232 ||| READING scroll labelled ACULOM SIOVAMN.
  2287 | D:4      | Reached XP level 6. HP: 30/30 MP: 7/7
  2401 | D:4      | Found a shimmering altar of Xom.
  2628 | D:4      | 2628 ||| UPGRADING to amulet of regeneration.
  2644 | D:5      | Entered Level 5 of the Dungeon
  2648 | D:5      | Reached skill level 6 in Dodging
  2744 | D:5      | Noticed Blork the orc
  2749 | D:5      | Killed Blork the orc
  2795 | D:5      | Reached XP level 7. HP: 35/35 MP: 8/8
  2824 | D:5      | Found a bloodstained altar of Trog.
  3303 | D:5      | 3303 ||| READING scroll labelled NICADEA YCREKI.
  3304 | D:5      | 3304 ||| READING scroll labelled KAEHA XUVIUK.
  3305 | D:5      | 3305 ||| READING scroll labelled HEIMYTW JAZE.
  3305 | D:5      | 3305 ||| IDENTIFYING viscous white potion
  3306 | D:5      | 3306 ||| READING scroll labelled JUOCASTROEN.
  3310 | D:5      | 3310 ||| DRINKING 2 brown potions.
  3311 | D:5      | 3311 ||| DROPPING potion of magic.
  3351 | D:6      | Reached skill level 3 in Fighting
  3378 | D:6      | Reached XP level 8. HP: 40/40 MP: 9/9
  3429 | D:6      | Identified the ring of Zewkatuy {*Slow Str+3 Int+6 Stlth+}
  3827 | D:6      | 3827 ||| FLEEEEING.
  3828 | D:6      | 3828 ||| FLEEEEING.
  3829 | D:6      | 3829 ||| FLEEEEING.
  3830 | D:6      | 3830 ||| FLEEEEING.
  3833 | D:6      | 3833 ||| FLEEEEING.
  3835 | D:6      | 3835 ||| FLEEEEING.
  3836 | D:6      | 3836 ||| FLEEEEING.
  3878 | D:6      | 3878 ||| SWAPPING to +0 orcbow.
  3880 | D:6      | 3880 ||| DROPPING +0 shortbow of chaos.
  3896 | D:6      | HP: 5/40 [orc warrior/+0 battleaxe (20)]
  3897 | D:6      | 3897 ||| READING scroll of teleportation.
  3898 | D:6      | Mangled by an orc warrior

Levels and vault maps discovered:
D:1:      dpeg_arrival_water_temple_mockup, layout_basic, minmay_surrounded
D:2:      layout_loops_cross, serial_shops, shop, guppyfry_early_lair_pool,
          uniq_sigmund
D:3:      layout_basic, eat_drink_and_be_merry_uskayaw
D:4:      layout_rooms, mainiacjoe_overflow_surrounded_room, minmay_ruptured
D:5:      layout_loops_ring, mainiacjoe_overflow_cross_hatched,
          uniq_blork_the_orc
D:6:      layout_cave_pods, gammafunk_ghost_necromancy

Skill      XL: |  1  2  3  4  5  6  7  8 |
---------------+-------------------------+-----
Dodging        | 3 4 5 6 7 8 |  8.3
Ranged Weapons | 6 7 8 |  8.4
Fighting       | 2 3 |  3.0
Stealth        | |  1.5

Action                     |  1- 3 |  4- 6 |  7- 9 || total
---------------------------+-------+-------+-------++-------
   Fire: Shortbow          |    49 |   139 |    88 ||   276
         Orcbow            |       |       |    15 ||    15
    Use: Scroll            |     2 |     2 |     5 ||     9
         Potion            |       |       |     1 ||     1
 Armour: Robe              |     7 |    13 |    13 ||    33
  Dodge: Dodged            |     8 |    58 |    44 ||   110

Table legend:
 A = Non-vault XP
 B = Vault XP
 C = Vault XP percentage of total XP
 D = Non-vault monster count
 E = Vault monster count
 F = Vault count percentage of total count
                 A         B        C        D         E       F
            +---------+---------+-------+---------+---------+-------
      Total |    1477 |     337 |  18.6 |      82 |       9 |   9.9
            +---------+---------+-------+---------+---------+-------
        D:1 |      25 |       7 |  21.9 |      16 |       4 |  20.0
        D:2 |      24 |     223 |  90.3 |       7 |       1 |  12.5
        D:3 |      85 |       0 |   0.0 |      14 |       0 |   0.0
        D:4 |     106 |       7 |   6.2 |      20 |       3 |  13.0
        D:5 |     713 |     100 |  12.3 |      13 |       1 |   7.1
        D:6 |     524 |       0 |   0.0 |      12 |       0 |   0.0
            +---------+---------+-------+---------+---------+-------
